 Dungeon Crawl Stone Soup version bcrawl-1.28.5 (webtiles) character file.

Game seed: 4510313599628776007

161411 Mehrunes the Shield-Bearer (level 7, 0/50 HPs)
             Began as a Demigod Fire Elementalist on Jan 24, 2021.
             Slain by a hound (5 damage)
             ... on level 5 of the Dungeon.
             The game lasted 00:14:44 (5882 turns).

Mehrunes the Shield-Bearer (DgFE)                   Turns: 5882, Time: 00:14:44

Health: 0/50       AC:  2    Str: 14    XL:     7   Next: 52%
Magic:  4/12       EV: 12    Int: 23    God:    Demigod [*.....]
Gold:   370        SH:  8    Dex: 21    Spells: 1/9 levels left

rFire    + + .     SeeInvis .   m - +1 dagger (venom)
rCold    . . .     Gourm    .   h - +1 buckler
rNeg     . . .     Faith    .   z - +0 robe of Eternity {Str+2 Dex+4} (curse)
rPois    .         Spirit   .   q - +0 hat
rElec    .         Reflect  .   (no cloak)
rCorr    .         Harm     .   (no gloves)
MR       .....                  (no boots)
Stlth    ++........             (no amulet)
HPRegen  0.16/turn              f - ring of protection from fire
MPRegen  0.13/turn              u - ring of protection from fire

@: very slightly contaminated, hasted, very quick
A: high mp 1
a: Temporal Distortion


You were on level 5 of the Dungeon.
You worshipped Demigod.
Demigod was aware of your devotion.
You were not hungry.

You visited 1 branch of the dungeon, and saw 6 of its levels.

You collected 370 gold pieces.

Inventory:

Hand Weapons
 m - a +1 dagger of venom (weapon)
Missiles
 c - 520 stones (quivered)
Armour
 a - a +0 robe
 h - a +1 buckler (worn)
 i - a +0 helmet
 q - a +0 hat (worn)
 r - the +3 leather armour "Enoocs" {rF+ MP+9 SInv}
   (You found it on level 4 of the Dungeon)

   It protects you from fire.
   It affects your magic capacity (+9).
   It lets you see invisible.
 x - a +0 pair of gloves
 z - the cursed +0 robe of Eternity (worn) {Str+2 Dex+4}
   (You found it on level 5 of the Dungeon)

   It affects your strength (+2).
   It affects your dexterity (+4).
   It has a curse placed upon it.
Jewellery
 f - a ring of protection from fire (left hand)
 u - a ring of protection from fire (right hand)
 v - an uncursed ring of resist corrosion
 y - a cursed ring of teleportation {unknown}
Wands
 k - a wand of flame (14)
Scrolls
 b - 3 scrolls of teleportation
 n - 2 scrolls of fog
 s - a scroll of enchant armour
Potions
 d - 2 potions of degeneration
 g - a potion of flight
 p - a potion of curing
Comestibles
 e - 6 rations {!d}


   Skills:
 - Level 1.7 Dodging
 - Level 2.0 Stealth
 - Level 5.0 Shields
 - Level 1.7 Spellcasting
 + Level 3.8 Conjurations
 + Level 4.9 Fire Magic


You had one spell level left.
You knew the following spells:

 Your Spells              Type           Power        Failure   Level  Hunger
a - Flame Tongue          Conj/Fire      ###..        4%          1    None
b - Conjure Flame         Conj/Fire      ###.....     12%         3    ####...
c - Sticky Flame          Conj/Fire      ###.....     36%         4    ######.

Your spell library contained the following spells:

 Spells                   Type           Power        Failure   Level  Hunger
 Summon Small Mammal      Summ           #...         24%         1    None
 Flaming Arrows           Chrm/Fire      ##......     14%         2    ###....
 Inner Flame              Hex/Fire       N/A          26%         3    ####...
 Call Imp                 Summ           #.....       36%         2    ###....
 Call Canine Familiar     Summ           #.......     58%         3    ####...
 Fireball                 Conj/Fire      ###.......   73%         5    #######
 Summon Ice Beast         Ice/Summ       #.......     94%         4    ######.
 Summon Lightning Spire   Summ/Air       #.......     100%        5    #######


Dungeon Overview and Level Annotations

Branches:
Dungeon (6/12)
 Temple: D:4-7

Annotations:
D:3 Grinder
D:5 2 transporters, Morbidden's ghost, novice HOAc


Innate Abilities, Weirdness & Mutations

You have an increased reservoir of magic. (+10% MP)


Message History

Casting: Sticky Flame (quite dangerous; 36% risk of failure)
Confirm with . or Enter, or press ? or * to list all spells.
Aiming: Sticky Flame (quite dangerous; 36% risk of failure)
Press: ? - help, Shift-Dir - straight line, f/p - hound
Aim: a hound You miscast Sticky Flame.
Heat runs through your body.
You are starving!
You block the bullfrog's attack. You block the hound's attack.
You block the bullfrog's attack.
You eat one of the 7 rations {!d}.
That ration really hit the spot!
The hound misses you. The bullfrog hits you!
* * * LOW HITPOINT WARNING * * *
You block the hound's attack.
You feel better. The bullfrog hits you.
* * * LOW HITPOINT WARNING * * *
The hound closely misses you. The bullfrog barely misses you.
The hound closely misses you.
You feel yourself speed up. The bullfrog misses you. The hound bites you.
You die...
Your divinity fades.

....##^....###.....#####
..#####...## #....#....#
..# ##..# #..########
.## #..## #..# .# #...#
#..# .## ##..###..# ###
..# #....##..# ##.# ..#
##.....#.h###.##
..#####........F@..##
........<..........#
..............###.##
..#####.....### ##.##
.## ###...# ##.### .#
##.....## ##..# .#
###.......## ####
####..........### #.#
###.............#####.##


You could see a bullfrog and a hound.

Vanquished Creatures
  A sky beast (D:4)
  A phantom (D:4)
  An ogre (D:5)
  A centaur (D:5)
  Blork the orc (D:5)
  An orc priest (D:4)
  2 orc wizards (D:4)
  3 iguanas
  Terence (D:3)
  A worker ant (D:4)
  3 adders
  A shadow imp (D:5)
  4 worms
  5 dart slugs
  6 leopard geckos
  7 orcs
  8 bats
  3 giant cockroaches
  7 goblins
  6 hobgoblins
  10 jackals
  4 kobolds
  A quokka (D:3)
  3 ball pythons
  2 frilled lizards
  2 rats
85 creatures vanquished.

Notes
Turn   | Place    | Note
-------+----------+-------------------------------------------
     0 | D:1      | Mehrunes the Demigod Fire Elementalist began the quest for
                  | the Orb.
     0 | D:1      | Reached XP level 1. HP: 14/14 MP: 5/5
     8 | D:1      | Reached skill level 1 in Conjurations
   298 | D:1      | Found a shattered altar of Ashenzari.
   351 | D:1      | Reached XP level 2. HP: 20/20 MP: 4/7
   883 | D:1      | Reached skill level 1 in Shields
  1292 | D:2      | Reached XP level 3. HP: 26/26 MP: 6/8
  1664 | D:2      | Learned a level 3 spell: Conjure Flame
  1824 | D:2      | Reached * piety under Demigod
  1942 | D:3      | Reached XP level 4. HP: 33/33 MP: 5/9
  1997 | D:3      | Reached skill level 2 in Shields
  2203 | D:3      | Noticed Grinder
  2668 | D:3      | Found a blossoming altar of Fedhas.
  2819 | D:3      | Noticed Terence
  2841 | D:3      | Killed Terence
  2935 | D:3      | Reached XP level 5. HP: 38/38 MP: 0/10
  3348 | D:4      | Noticed a phantom
  3367 | D:4      | Reached skill level 3 in Shields
  3559 | D:4      | Reached XP level 6. HP: 42/45 MP: 2/11
  3776 | D:4      | Reached ** piety under Demigod
  3973 | D:4      | Got a distressingly furry leather armour
  3986 | D:4      | Identified the +3 leather armour "Enoocs" {rF+ MP+9 SInv}
                  | (You found it on level 4 of the Dungeon)
  4096 | D:4      | Found a hazy altar of Hepliaklqana.
  4097 | D:4      | Found an ancient bone altar of Kikubaaqudgha.
  4097 | D:4      | Noticed a sky beast
  4120 | D:4      | Killed a sky beast
  4121 | D:4      | Reached skill level 4 in Shields
  4645 | D:4      | Learned a level 4 spell: Sticky Flame
  4646 | D:5      | Entered Level 5 of the Dungeon
  4895 | D:5      | Reached XP level 7. HP: 50/50 MP: 12/12
  5038 | D:5      | Got a distressingly furry robe
  5110 | D:5      | Identified the cursed +0 robe of Eternity {Str+2 Dex+4}
                  | (You found it on level 5 of the Dungeon)
  5135 | D:5      | Noticed Blork the orc
  5147 | D:5      | Killed Blork the orc
  5228 | D:5      | Reached skill level 5 in Shields
  5374 | D:5      | Found a transporter.
  5375 | D:5      | Found a transporter.
  5376 | D:5      | Noticed Morbidden's ghost (novice HOAc)
  5882 | D:5      | Slain by a hound

Skill      XL: |  1  2  3  4  5  6  7 |
---------------+----------------------+-----
Conjurations   | 1 2 3 |  3.8
Fire Magic     | 3 4 |  4.9
Shields        | 1 2 3 4 5 |  5.0
Dodging        | |  1.7
Stealth        | |  2.0
Spellcasting   | |  1.7

Action                   |  1- 3 |  4- 6 |  7- 9 || total
-------------------------+-------+-------+-------++-------
Melee: Dagger            |     3 |    59 |     7 ||    69
 Cast: Flame Tongue      |    73 |   105 |    14 ||   192
       Conjure Flame     |       |     2 |     1 ||     3
  Use: Scroll            |       |     8 |     3 ||    11
       Potion            |       |       |     3 ||     3
  Eat: Chunk             |     4 |     9 |     2 ||    15
       Ration            |       |     1 |     1 ||     2
Armor: Robe              |     4 |    12 |     1 ||    17
       Leather armour    |       |    10 |       ||    10
Dodge: Dodged            |    10 |    46 |    16 ||    72
Block: Buckler           |       |    16 |    11 ||    27
